 Dungeon Crawl Stone Soup version 0.22.0-27-ga576289 (console) character file.

418 removed the Slasher (level 6, -4/34 HPs)
             Began as a Deep Elf Skald on Aug 22, 2018.
             Killed from afar by Duvessa (9 damage)
             ... with a wand of flame (25)
             ... on level 4 of the Dungeon.
             The game lasted 00:10:59 (4651 turns).

removed the Slasher (Deep Elf Skald)                Turns: 4651, Time: 00:11:00

Health: -4/34      AC:  5    Str: 13    XL:     6   Next: 61%
Magic:  18/21      EV: 12    Int: 20    God:
Gold:   54         SH:  6    Dex: 14    Spells: 2/11 levels left

rFire    . . .     SeeInvis .   a - +6 falchion (drain)
rCold    . . .     Gourm    .   (no shield)
rNeg     . . .     Faith    .   b - +0 leather armour
rPois    .         Spirit   .   i - +0 helmet
rElec    .         Reflect  +   (no cloak)
rCorr    .         Harm     .   p - +0 pair of gloves
MR       .....                  (no boots)
Stlth    ++........             r - +6 amulet of reflection
HPRegen  0.11/turn              C - ring of magical power
MPRegen  0.17/turn              m - ring of stealth

@: mighty, infused
A: no striking features
a: no special abilities


You were on level 4 of the Dungeon.
You were hungry.

You visited 2 branches of the dungeon, and saw 5 of its levels.

You collected 240 gold pieces.
You spent 186 gold pieces at shops.

Inventory:

Hand Weapons
 a - a +6 falchion of draining (weapon)
 z - a +0 quarterstaff
 A - a +0 falchion
 E - a +0 long sword
Armour
 b - a +0 leather armour (worn)
 i - a +0 helmet (worn)
 p - a +0 pair of gloves (worn)
Jewellery
 h - an uncursed ring of resist corrosion
 m - a ring of stealth (right hand)
 r - a +6 amulet of reflection (around neck)
 w - an uncursed ring of positive energy
 C - a ring of magical power (left hand)
Scrolls
 e - 2 scrolls of random uselessness {unknown}
 f - 2 scrolls of fog {unknown}
 j - a scroll of amnesia
 k - a scroll of identify {unknown}
 n - a scroll of noise {unknown}
 v - a scroll of blinking {unknown}
 x - 2 scrolls of remove curse
 y - a scroll of enchant weapon {unknown}
Potions
 o - a potion of resistance
 u - a potion of agility {unknown}
 D - a potion of heal wounds {unknown}
Comestibles
 d - 6 rations


   Skills:
 - Level 1.5 Fighting
 + Level 6.1 Long Blades
 - Level 0.7 Armour
 - Level 2.4 Dodging
 - Level 3.0 Spellcasting
 - Level 5.6 Charms


You had 2 spell levels left.
You knew the following spells:

 Your Spells              Type           Power        Failure   Level  Hunger
a - Infusion              Chrm           ####         1%          1    None
b - Shroud of Golubria    Chrm/Tloc      ##........   9%          2    ##.....
e - Regeneration          Chrm/Necr      ##........   17%         3    ###....
w - Spectral Weapon       Hex/Chrm       ##......     17%         3    ###....

Your spell library contained the following spells:

 Spells                   Type           Power        Failure   Level  Hunger
 Song of Slaying          Chrm           ####....     2%          2    ##.....


Dungeon Overview and Level Annotations

Branches:
Dungeon (4/15)             Temple (1/1) D:4

Altars:
Ashenzari
Cheibriados
Hepliaklqana
Nemelex Xobeh
Okawaru
Qazlal
Sif Muna
Trog
Vehumet
Wu Jian
Xom
Yredelemnul
The Shining One

Shops:
D:4 (

Annotations:
D:1 exclusion: downstairs
D:3 1 exclusion
D:4 exclusion: ogre, Dowan, Duvessa


Message History

Dowan casts a spell at Duvessa.
Duvessa seems to speed up.
Duvessa hits you with a short sword.
You hit Duvessa.
Duvessa is heavily wounded.
Duvessa hits you with a short sword!
Your shroud falls apart!
You barely miss Duvessa.
Duvessa is heavily wounded.
Duvessa hits you with a short sword.
Dowan smirks and points a slender finger.
Duvessa zaps a wand.
The puff of flame hits you!
* * * LOW HITPOINT WARNING * * *
Unknown command.
Press: ? - help, v - describe, . - travel
Here: Duvessa, wielding a short sword, wearing a leather armour, wearing a square filigree amulet and carrying a wand of flame (25) (heavily wounded, fast)
The floor.
It was a potion of might.
You feel very mighty all of a sudden.
Duvessa zaps a wand.
The puff of flame hits you!
You die...

#.###.#..........####### #.
#.###......##.##....§..# ##
#......#.......#.#####§####
###..##.....###..#.# #.....
#(...##.#.#.# #..#.##########
#####.##.##.#.#.###..#...........
....<....##...........(..........
#####.........ee.################
#..#####..##@####### # #..#
#..##.......# #
#..#####..########.# # ##
#............# #.# ######
.#####.####...##.# #.# #..(..
.............###.# #.# #...(.
.).#######..## #.# #.# #.....
..## #.....###.# #.# #.....
...#####......##.# #.# #<....


You could see Duvessa and Dowan.

Vanquished Creatures
  A phantom (D:4)
  A crimson imp (D:2)
  2 hounds (D:4)
  An orc priest (D:3)
  An orc wizard (D:4)
  A worker ant (D:4)
  6 adders
  An ooze (D:2)
  3 dart slugs
  2 leopard geckos (D:1)
  6 orcs
  5 giant cockroaches
  11 goblins
  9 hobgoblins
  13 jackals
  5 kobolds
  3 quokkas
  A ball python (D:1)
  5 bats
  4 frilled lizards
  14 rats
95 creatures vanquished.

Notes
Turn   | Place    | Note
-------+----------+-------------------------------------------
     0 | D:1      | removed the Deep Elf Skald began the quest for the Orb.
     0 | D:1      | Reached XP level 1. HP: 12/12 MP: 6/6
     7 | D:1      | Reached skill level 2 in Long Blades
   112 | D:1      | Reached XP level 2. HP: 16/16 MP: 4/8
   147 | D:1      | Learned a level 2 spell: Shroud of Golubria
   568 | D:1      | Reached skill level 3 in Long Blades
   678 | D:1      | Reached XP level 3. HP: 19/20 MP: 2/9
  1641 | D:2      | Reached skill level 4 in Long Blades
  1641 | D:2      | Reached XP level 4. HP: 20/25 MP: 0/10
  2617 | D:3      | Reached XP level 5. HP: 29/29 MP: 6/11
  2998 | D:3      | Reached skill level 5 in Long Blades
  3313 | D:3      | Learned a level 3 spell: Regeneration
  3688 | D:4      | Noticed Dowan
  3787 | D:4      | Reached XP level 6. HP: 34/34 MP: 11/12
  3917 | D:4      | Found Zamadojy's Antique Weapon Shop.
  4073 | D:4      | Reached skill level 5 in Charms
  4163 | D:4      | Learned a level 3 spell: Spectral Weapon
  4234 | D:4      | Found a staircase to the Ecumenical Temple.
  4242 | D:4      | Reached skill level 6 in Long Blades
  4259 | Temple   | Entered the Ecumenical Temple
  4422 | D:4      | Noticed Duvessa
  4546 | D:4      | Bought a runed falchion for 186 gold pieces
  4651 | D:4      | Killed from afar by Duvessa

Skill      XL: |  1  2  3  4  5  6 |
---------------+-------------------+-----
Long Blades    | 2 3 4 5 6 |  6.1
Charms         | 5 |  5.6
Fighting       | |  1.5
Armour         | |  0.7
Dodging        | |  2.4
Spellcasting   | |  3.0

Action                   |  1- 3 |  4- 6 || total
-------------------------+-------+-------++-------
Melee: Falchion          |   111 |    76 ||   187
       Long sword        |       |    77 ||    77
 Cast: Infusion          |    26 |    31 ||    57
       Shroud of Golubri |    25 |    30 ||    55
       Regeneration      |       |     1 ||     1
  Use: Potion            |       |     3 ||     3
       Scroll            |       |     2 ||     2
 Stab: Sleeping          |       |     3 ||     3
  Eat: Chunk             |     4 |    10 ||    14
Armor: Leather armour    |    27 |    20 ||    47
Dodge: Dodged            |    51 |    86 ||   137
Block: Other             |       |    39 ||    39
       Reflection        |       |     2 ||     2
       Rpst.: Falchion   |    14 |    13 ||    27
       Long sword        |       |    14 ||    14
